 Dungeon Crawl Stone Soup version 0.31-a0-1101-g9ad1905e61 (webtiles) character file.

Game seed: 8080035365759369988

286012 bmj180 the Destroyer (level 21, -14/154 HPs)
             Began as a Human Conjurer on Nov 29, 2023.
             Was an Elder of Sif Muna.
             Demolished by a +6 spectral bardiche (25 damage)
             ... on level 2 of the Elven Halls on Dec 1, 2023.
             The game lasted 02:55:45 (73047 turns).

bmj180 the Destroyer (Human Conjurer)              Turns: 73047, Time: 02:55:45

Health: -14/154    AC: 19    Str:  7    XL:     21   Next: 50%
Magic:  11/38      EV: 14    Int: 31    God:    Sif Muna [****..]
Gold:   2067       SH: 14    Dex: 19    Spells: 11/47 levels left

rFire   + + .        a - +7 rapier "Ishag" {freeze, Fly rC+ Int+2 Stlth+}
rCold   + + .        u - +2 buckler {rPois}
rNeg    + . .        U - +0 acid dragon scales
rPois   +            B - +2 helmet
rElec   +            N - scarf {rC+ rF+}
rCorr   +            F - +2 pair of gloves of the Land of Plenty {Will+ Regen+ Dex+3 Stlth+}
SInv    .            L - +2 pair of boots {Stlth+}
Will    +++..        e - amulet of reflection
Stlth   +++++++      d - ring "Syguso" {rPois Will+ rCorr Dex+3}
HPRegen 1.25/turn    i - ring "Ruess" {rElec rF+ rN+}
MPRegen 0.26/turn

%: reflection
@: flying, studying Stealth
A: no striking features
}: 2/15 runes: decaying, serpentine
a: Renounce Religion, Channel Magic, Forget Spell, Divine Exegesis


You were on level 2 of the Elven Halls.
You worshipped Sif Muna.
Sif Muna was greatly pleased with you.
You visited 7 branches of the dungeon, and saw 34 of its levels.
You also visited: Sewer and Ice Cave.

You collected 5570 gold pieces.
You spent 3503 gold pieces at shops.

Inventory:

Hand Weapons
 a - the +7 rapier "Ishag" (weapon) {freeze, Fly rC+ Int+2 Stlth+}
   (You found it in a sewer)

   Int+2:     It affects your intelligence (+2).
   rC+:       It protects you from cold.
   Fly:       It grants you flight.
   Stlth+:    It makes you more stealthy.
 l - a +4 vampiric eveningstar
 r - a +4 eveningstar of pain
 v - a +1 demon whip of venom
Missiles
 S - 11 curare-tipped darts (quivered)
Armour
 u - a +2 buckler of poison resistance (worn)
 B - a +2 helmet (worn)
 F - the +2 pair of gloves of the Land of Plenty (worn) {Will+ Regen+ Dex+3 Stlth+}
   (You bought it in a shop on level 1 of the Elven Halls)

   Dex+3:     It affects your dexterity (+3).
   Will+:     It increases your willpower.
   Regen+:    It increases your rate of health regeneration.
   Stlth+:    It makes you more stealthy.
 L - a +2 pair of boots of stealth (worn)
 N - a scarf of resistance (worn)
 U - +0 acid dragon scales (worn)
Magical Staves
 H - a staff of conjuration
Jewellery
 d - the ring "Syguso" (left hand) {rPois Will+ rCorr Dex+3}
   (You bought it in a shop on level 5 of the Dungeon)

   [ring of resist corrosion]

   Dex+3:     It affects your dexterity (+3).
   rPois:     It protects you from poison Will+: It increases your willpower.
   rCorr:     It protects you from acid and corrosion.
 e - an amulet of reflection (around neck)
 i - the ring "Ruess" (right hand) {rElec rF+ rN+}
   (You bought it in a shop on level 2 of the Orcish Mines)

   [ring of positive energy]

   rF+:       It protects you from fire.
   rElec:     It insulates you from electricity.
   rN+:       It protects you from negative energy.
 q - a ring of wizardry
 s - a ring of see invisible
 C - the ring of Ithoarol {rC+ Will+ Int+3}
   (You bought it in a shop on level 1 of the Snake Pit)

   [ring of protection from cold]

   Int+3:     It affects your intelligence (+3).
   rC+:       It protects you from cold.
   Will+:     It increases your willpower.
Wands
 f - a wand of light (17)
 g - a wand of paralysis (67)
 E - a wand of mindburst (5)
 P - a wand of iceblast (12)
 W - a wand of flame (96)
Scrolls
 c - 16 scrolls of teleportation
 h - 2 scrolls of silence
 k - 8 scrolls of fog
 o - 3 scrolls of fear
 t - 2 scrolls of summoning
 x - 3 scrolls of revelation
 y - a scroll of enchant weapon
 A - a scroll of brand weapon
 J - 11 scrolls of blinking
 M - 10 scrolls of poison
Potions
 b - 2 potions of magic
 j - 4 potions of cancellation
 m - 6 potions of might
 n - 5 potions of brilliance
 p - 2 potions of berserk rage
 G - 8 potions of curing
 I - a potion of resistance
 K - 3 potions of enlightenment
 O - 2 potions of invisibility
 Q - 4 potions of haste
 Z - 4 potions of heal wounds
Miscellaneous
 w - a condenser vane
 z - a lightning rod (4/4)


   Skills:
 * Level 10.7 Fighting
 * Level 9.3 Short Blades
 + Level 2.4 Maces & Flails
 + Level 3.0 Throwing
 + Level 10.0 Armour
 * Level 6.7 Dodging
 * Level 10.1 Stealth
 + Level 8.2 Shields
 * Level 13.7 Spellcasting
 * Level 14.6 Conjurations
 + Level 7.0 Hexes
 + Level 8.0 Translocations
 - Level 5.0 Transmutations
 * Level 9.1 Fire Magic
 * Level 6.1 Ice Magic
 * Level 8.8 Air Magic
 * Level 7.9 Earth Magic
 * Level 10.3 Invocations
 + Level 8.1 Evocations


You had 11 spell levels left.
You knew the following spells:

 Your Spells              Type           Power      Damage    Failure   Level
a - Stone Arrow           Conj/Erth      100%       3d13      1%          3
b - Searing Ray           Conj           100%       2d8       1%          2
c - Blink                 Tloc           100%       N/A       1%          2
d - Fulminant Prism       Conj/Hex       36%        3d18      1%          4
e - Iskenderun's Mystic   Conj/Tloc      75%        2d15      1%          4
f - Magic Dart            Conj           100%       1d8       0%          1
g - Fireball              Conj/Fire      38%        3d16      1%          5
h - Arcjolt               Conj/Air       38%        1d48      1%          5
i - Freezing Cloud        Conj/Ice/Air   35%        6-21      2%          5
j - Irradiate             Conj/Tmut      35%        3d23      2%          5

Your spell library contained the following spells:

 Spells                   Type           Power      Damage    Failure   Level
 Apportation              Tloc           100%       N/A       1%          1
 Kiss of Death            Conj/Necr      100%       2d13      1%          1
 Sandblast                Erth           100%       2d20      1%          1
 Slow                     Hex            100%       N/A       1%          1
 Ensorcelled Hibernation  Hex/Ice        100%       N/A       1%          2
 Jinxbite                 Hex            100%       N/A       1%          2
 Lesser Beckoning         Tloc           100%       N/A       1%          2
 Momentum Strike          Conj/Tloc      100%       3d10      1%          2
 Passwall                 Tmut/Erth      47%        N/A       1%          2
 Scorch                   Fire           100%       2d9       1%          2
 Wereblood                Tmut           51%        N/A       1%          2
 Confusing Touch          Hex            60%        N/A       1%          3
 Dazzling Flash           Conj/Hex       100%       N/A       1%          3
 Gell's Gravitas          Tloc           63%        N/A       1%          3
 Mephitic Cloud           Conj/Pois/Air  63%        N/A       1%          3
 Sigil of Binding         Hex            60%        N/A       1%          3
 Teleport Other           Tloc           63%        N/A       1%          3
 Volatile Blastmotes      Fire/Tloc      100%       2d18      1%          3
 Brom's Barrelling Bould  Conj/Erth      74%        2d9       1%          4
 Flame Wave               Conj/Fire      76%        2d17      1%          4
 Manifold Assault         Tloc           63%        N/A       1%          4
 Vhi's Electric Charge    Tloc/Air       100%       N/A       1%          4
 Iskenderun's Battlesphe  Conj           84%        2d13      1%          5
 Cigotuvi's Dreadful Rot  Necr/Pois/Air  78%        N/A       2%          2
 Cause Fear               Hex            30%        N/A       2%          4
 Dimensional Bullseye     Hex/Tloc       31%        N/A       2%          4
 Summon Guardian Golem    Hex/Summ       43%        N/A       3%          3
 Necrotise                Necr           84%        1d8       5%          1
 Summon Small Mammal      Summ           84%        N/A       5%          1
 Silence                  Hex/Air        31%        N/A       5%          5
 Bombard                  Conj/Erth      37%        9d6       8%          6
 Metabolic Englaciation   Hex/Ice        29%        N/A       10%         5
 Orb of Destruction       Conj           42%        9d12      11%         7
 Anguish                  Hex/Necr       21%        N/A       12%         4
 Yara's Violent Unravell  Hex/Tmut       28%        3d12      12%         5
 Call Canine Familiar     Summ           21%        N/A       16%         3
 Vampiric Draining        Necr           21%        2d7       16%         3
 Plasma Beam              Fire/Air       33%        2x1d46    21%         6
 Borgnjor's Vile Clutch   Necr/Erth      23%        N/A       28%         5
 Summon Forest            Summ/Tloc      23%        N/A       28%         5
 Dispersal                Tloc           31%        N/A       30%         6
 Summon Mana Viper        Hex/Summ       43%        N/A       34%         5
 Animate Dead             Necr           21%        N/A       45%         4
 Dispel Undead            Necr           21%        3d11      45%         4
 Agony                    Necr           21%        N/A       82%         5
 Spellforged Servitor     Conj/Summ      30%        N/A       91%         7
 Eringya's Noxious Bog    Tmut/Pois      18%        4d6       96%         6
 Death Channel            Necr           10%        N/A       100%        6
 Summon Cactus Giant      Summ           10%        N/A       100%        6
 Haunt                    Necr/Summ      10%        N/A       100%        7
 Summon Hydra             Summ           10%        N/A       100%        7
 Disjunction              Tloc           31%        N/A       100%        8
 Infestation              Necr           10%        N/A       100%        8
 Maxwell's Capacitive Co  Air            33%        ∞         100%        8
 Dragon's Call            Summ           10%        N/A       100%        9


Dungeon Overview and Level Annotations

Branches:
Dungeon (15/15)            Temple (1/1) D:4            Lair (5/5) D:9
  Swamp (4/4) Lair:2        Snake (4/4) Lair:2        Slime (0/5) Lair:5
    Orc (2/2) D:11            Elf (3/3) Orc:2        Vaults (0/5) D:13
 Depths (0/4) D:15          Sewer (visited)           IceCv (visited)

Altars:
Ashenzari
Cheibriados
Dithmenos
Elyvilon
Fedhas
Gozag
Hepliaklqana
Kikubaaqudgha
Makhleb
Nemelex Xobeh
Okawaru
Qazlal
Ru
Sif Muna
Trog
Uskayaw
Vehumet
Wu Jian
Xom
Yredelemnul
Zin
The Shining One
Jiyva
Lugonu

Shops:
D:5 =   D:7 *   D:9 (!=   D:10 *   Orc:2 ?*=:   Elf:1 =[   Snake:1 =:=[
Snake:2 [([*

Portals:
Abyss: Lair:5

Annotations:
Swamp:3 1 runed translucent door, Piask's ghost, adept FoAK


Message History

Casting: Stone Arrow (safe; 1% risk of failure)
Confirm with . or Enter, or press ? or * to list all spells.
Aiming: Stone Arrow (safe; 1% risk of failure)
Press: ? - help, Shift-Dir - straight line, f/p - +6 spectral bardiche
Aim: a +6 spectral bardiche (moderately damaged, 61% to hit)
The stone arrow hits the +6 spectral bardiche.
The +6 spectral bardiche is heavily damaged.
Unknown command.
Casting: Stone Arrow (safe; 1% risk of failure)
Confirm with . or Enter, or press ? or * to list all spells.
Aiming: Stone Arrow (safe; 1% risk of failure)
Press: ? - help, Shift-Dir - straight line, f/p - +6 spectral bardiche
Aim: a +6 spectral bardiche (heavily damaged, 61% to hit)
The stone arrow hits the +6 spectral bardiche but does no damage.
The +6 spectral bardiche is heavily damaged.
The +6 spectral bardiche hits you from afar!
You block the +6 spectral bardiche's attack.
A +6 spectral bardiche comes into view.
Casting: Stone Arrow (safe; 1% risk of failure)
Confirm with . or Enter, or press ? or * to list all spells.
Aiming: Stone Arrow (safe; 1% risk of failure)
Press: ? - help, Shift-Dir - straight line, f/p - +6 spectral bardiche
Aim: a +6 spectral bardiche (moderately damaged, 61% to hit)
The stone arrow hits the +6 spectral bardiche!
The +6 spectral bardiche is severely damaged.
The +6 spectral bardiche hits you!!
The +6 spectral bardiche hits you from afar!!!
* * * LOW HITPOINT WARNING * * *
The +6 spectral bardiche hits you but does no damage.
You block the +6 spectral bardiche's attack.
Casting: Stone Arrow (safe; 1% risk of failure)
Confirm with . or Enter, or press ? or * to list all spells.
Aiming: Stone Arrow (safe; 1% risk of failure)
Press: ? - help, Shift-Dir - straight line, f/p - +6 spectral bardiche
Aim: a +6 spectral bardiche (severely damaged, 61% to hit)
The stone arrow hits the +6 spectral bardiche!!
The +6 spectral bardiche shares its spectral weapon's damage!
The +6 spectral bardiche disappears.
The +6 spectral bardiche hits you from afar!!
You die...

.....## ..)..### . #.☼.)☼.## .
#.).○...# .## ### ### ##)§....#
..###.###.###....)# ### ...
.................## ##.## #...
.................# #...# #...
................@## ##...## ##...
..................###.....###....
.................(...............
.................................
.................................
......................###.....)..
..###................## ##.......
.## ##...............# #.......
## ###[).....).....## ##.......


You could see a +6 spectral bardiche.

Vanquished Creatures
  Rupert (Lair:5)
  2 deep elf master archers (Elf:3)
  3 deep elf blademasters
  A kraken (Swamp:2)
  Gastronok (Lair:1)
  Kirke (Lair:3)
  Agnes (Snake:4)
  5 thorn hunters
  18 nagarajas (Snake:4)
  Aizul (Snake:2)
  3 frost giants (IceCv)
  7 deep elf sorcerers (Elf:3)
  Louise (Elf:2)
  3 deep elf elementalists
  2 ghouls (Swamp:4)
  Nessos (Lair:5)
  6 eleionomae
  4 deep elf annihilators (Elf:3)
  6 deep elf demonologists (Elf:3)
  5 bunyips
  A white draconian (IceCv)
  7 deep elf death magi
  An ettin (D:15)
  A deep elf high priest (Elf:3)
  4 shambling mangroves
  A rakshasa (D:15)
  11 hydras
  2 salamander tyrants
  7 ice dragons (IceCv)
  7 ironbound frosthearts (IceCv)
  Erica (Lair:1)
  12 centaur warriors
  8 vault guards
  8 alligators
  6 anacondas
  A catoblepas (Lair:5)
  3 two-headed ogres
  36 dancing weapons
  14 naga warriors
  5 boulder beetles
  5 tengu warriors
  3 thrashing horrors (Lair:5)
  Urug (D:13)
  14 deep elf knights
  4 orc high priests
  5 shock serpents
  8 naga sharpshooters
  An occultist (D:15)
  A skyshark (Lair:4)
  Nergalle (Lair:1)
  Amaemon (Lair:1)
  4 goliath frogs
  A large abomination (Lair:5)
  2 death drakes
  5 spriggan druids
  2 flayed ghosts (Swamp:4)
  8 swamp dragons
  An orange crystal statue (IceCv)
  3 bog bodies
  A spectral hydra (Swamp:4)
  4 naga ritualists
  11 deep elf archers
  3 phantasmal warriors
  21 deep elf zephyrmancers
  28 deep elf pyromancers
  An orc knight (Orc:1)
  3 oklob plants (Swamp:4)
  3 orc sorcerers
  A necromancer (D:15)
  3 mana vipers
  Maurice (Orc:2)
  13 ugly things
  A manticore (D:13)
  10 salamanders
  4 guardian serpents (Snake:4)
  5 will-o-the-wisps
  28 black mambas
  7 cyclopes
  17 elephants
  A black mamba (shapeshifter) (Lair:5)
  10 naga magi
  An orange demon (Lair:1)
  An unseen horror (D:13)
  11 cane toads
  2 gargoyles
  Jeremiah (D:7)
  3 kobold demonologists
  9 rime drakes
  13 komodo dragons
  A freezing wraith (D:15)
  A death drake zombie (Swamp:4)
  2 tengu conjurers
  A queen bee (Lair:3)
  Grinder (D:4)
  12 tyrant leeches
  3 hydra zombies (Swamp:4)
  2 death drake skeletons (Swamp:4)
  3 hydra skeletons (Swamp:4)
  12 hornets
  12 polar bears
  2 raiju (Lair:5)
  3 trolls
  12 dream sheep
  25 blink frogs
  10 spriggans
  A shadow (D:10)
  3 air elementals
  4 water elementals
  7 wyverns
  A spriggan (shapeshifter) (Elf:2)
  2 wraiths
  84 yaks
  5 humans (D:8)
  14 basilisks
  2 vampires
  9 vampire mosquitoes
  5 hogs (Lair:3)
  2 ynoxinuls (Lair:5)
  3 chaos spawn (Lair:5)
  4 steam dragons
  Menkaure (D:7)
  2 wargs
  22 swamp worms
  31 nagas
  9 small abominations (Lair:5)
  5 hydra simulacra (Swamp:4)
  3 acid dragons
  Duvessa (D:7)
  13 water moccasins
  2 sky beasts
  7 swamp drakes
  An ice beast (D:5)
  A swamp dragon zombie (Swamp:4)
  13 orc warriors
  6 ogres
  8 centaurs
  19 wolves
  2 phantoms
  12 bullfrogs
  11 kobold brigands
  A scorpion (D:6)
  2 earth elementals
  A gnoll sergeant (D:8)
  Dowan (D:7)
  27 killer bees
  A howler monkey (shapeshifter) (Lair:5)
  5 electric eels
  3 vampire bats (Orc:2)
  A quasit (D:6)
  2 jellies (Lair:5)
  3 hounds
  33 orc priests
  Crazy Yiuf (D:3)
  3 gnoll boudas
  2 sleepcaps
  2 iguanas
  27 orc wizards
  6 hell rats
  18 gnolls
  5 adders
  4 shadow imps
  5 white imps
  3 ufetubi (D:6)
  A dart slug (shapeshifter) (Lair:5)
  71 orcs
  10 endoplasms
  4 giant cockroaches
  6 goblins
  4 hobgoblins
  2 jackals (Sewer)
  2 quokkas
  5 ball pythons
  8 bats
  A frilled lizard (shapeshifter) (D:15)
  6 frilled lizards
  33 kobolds
  6 rats
  A fulminant prism (Snake:1)
  2 spectral weapons
  2 tentacles (Swamp:2)
1232 creatures vanquished.

Vanquished Creatures (others)
  A deep elf archer (Elf:1)
  A fire elemental (Elf:1)
  2 humans (Lair:3)
  2 foxfires (Swamp:4)
  85 fulminant prisms
  7 tentacles (Swamp:2)
98 creatures vanquished.

Grand Total: 1330 creatures vanquished

Notes
Turn   | Place    | Note
-------+----------+-------------------------------------------
     0 | D:1      | bmj180 the Human Conjurer began the quest for the Orb.
     0 | D:1      | Reached XP level 1. HP: 13/13 MP: 3/3
   113 | D:1      | Reached XP level 2. HP: 20/20 MP: 0/5
   646 | D:1      | Reached skill level 1 in Fighting
   646 | D:1      | Reached XP level 3. HP: 26/26 MP: 4/6
   649 | D:1      | Learned a level 2 spell: Searing Ray
  1350 | D:2      | Reached XP level 4. HP: 31/32 MP: 4/7
  1609 | D:2      | Found a faded altar of an unknown god.
  1781 | D:3      | Reached skill level 1 in Armour
  2121 | D:3      | Identified the +5 whip of the Holding Soothsayer {freeze,
                  | Str+2 Int+2 Dex+2}
  2263 | D:3      | Found a runed translucent door.
  2264 | D:3      | Noticed Crazy Yiuf
  2582 | D:3      | Reached skill level 5 in Conjurations
  2582 | D:3      | Reached XP level 5. HP: 37/37 MP: 1/9
  3208 | D:3      | Killed Crazy Yiuf
  3691 | D:4      | Noticed Grinder
  3714 | D:4      | Killed Grinder
  3715 | D:4      | Reached skill level 1 in Maces & Flails
  3715 | D:4      | Reached skill level 1 in Evocations
  3715 | D:4      | Reached XP level 6. HP: 28/44 MP: 2/11
  3715 | D:4      | Reached XP level 7. HP: 32/49 MP: 2/12
  3996 | D:4      | Found a staircase to the Ecumenical Temple.
  4005 | Temple   | Entered the Ecumenical Temple
  4024 | Temple   | Became a worshipper of Sif Muna the Loreminder
  4169 | D:5      | Entered Level 5 of the Dungeon
  4920 | D:5      | Reached skill level 1 in Invocations
  4920 | D:5      | Reached XP level 8. HP: 56/56 MP: 6/14
  5266 | D:5      | Found Opheviu's One-of-a-Kind Rings.
  5408 | D:6      | Reached skill level 1 in Shields
  5408 | D:6      | Reached * piety under Sif Muna
  5439 | D:6      | Reached skill level 6 in Conjurations
  5554 | D:6      | Found a glowing drain.
  5568 | Sewer    | Entered a sewer
  5851 | Sewer    | Identified the +7 rapier "Ishag" {freeze, Fly rC+ Int+2
                  | Stlth+}
  5984 | D:6      | Reached skill level 1 in Hexes
  6196 | D:6      | Reached skill level 1 in Translocations
  6891 | D:7      | Reached skill level 1 in Short Blades
  6891 | D:7      | Reached XP level 9. HP: 62/62 MP: 10/16
  6983 | D:7      | Reached skill level 5 in Spellcasting
  7134 | D:7      | Noticed Duvessa
  7134 | D:7      | Noticed Dowan
  7140 | D:7      | Killed Duvessa
  7147 | D:7      | Killed Dowan
  7286 | D:7      | Noticed Jeremiah
  7298 | D:7      | Killed Jeremiah
  7497 | D:7      | Noticed Menkaure
  7501 | D:7      | Killed Menkaure
  7650 | D:7      | Found Urututif's General Store.
  7656 | D:7      | Bought a scroll of teleportation for 30 gold pieces
  7656 | D:7      | Bought a potion of heal wounds for 50 gold pieces
  8004 | D:8      | Noticed a hornet
  8094 | D:8      | Reached ** piety under Sif Muna
  8326 | D:8      | Reached XP level 10. HP: 62/70 MP: 8/18
  8391 | D:8      | Found an ornate altar of the Wu Jian Council.
  8564 | D:8      | Noticed a boulder beetle
  8583 | D:8      | Killed a boulder beetle
  8584 | D:8      | Reached skill level 7 in Conjurations
  8635 | D:8      | Found a sacrificial altar of Ru.
  8691 | D:8      | Noticed a two-headed ogre
  8883 | D:8      | Found a snail-covered altar of Cheibriados.
  9302 | D:8      | Identified a scroll of acquirement
  9302 | D:8      | Acquired 1253 gold pieces
  9524 | D:8      | Paralysed by a hornet for 3 turns
  9529 | D:8      | Reached skill level 1 in Throwing
  9622 | D:8      | Killed a two-headed ogre
  9990 | D:8      | Found a sparkling altar of Nemelex Xobeh.
  9995 | D:8      | Found a glowing golden altar of the Shining One.
 10353 | D:9      | Reached skill level 5 in Armour
 10353 | D:9      | Reached XP level 11. HP: 46/77 MP: 2/20
 10663 | D:9      | Found Faer's Jewellery Shop.
 10692 | D:9      | Found Risutz's Distillery.
 10816 | D:9      | Found Pawofoaf's Antique Weapon Boutique.
 10970 | D:9      | Reached skill level 8 in Conjurations
 11319 | D:9      | Learned a level 2 spell: Blink
 11371 | D:9      | Found a staircase to the Lair.
 11562 | D:9      | Reached *** piety under Sif Muna
 11719 | D:9      | Found a bloodstained altar of Trog.
 11731 | D:9      | Identified the +0 chain mail of Honour {rPois Dex+2}
 12070 | D:9      | Learned a level 4 spell: Fulminant Prism
 12075 | D:9      | Learned a level 4 spell: Iskenderun's Mystic Blast
 12191 | D:5      | Bought the ring "Syguso" {rPois Will+ rCorr Dex+3} for 603
                  | gold pieces
 12334 | D:10     | Entered Level 10 of the Dungeon
 12498 | D:10     | Found Fofuif's General Store.
 13700 | D:10     | Reached skill level 1 in Fire Magic
 14604 | D:11     | Noticed a cyclops
 14680 | D:11     | Reached skill level 1 in Air Magic
 14685 | D:11     | Reached XP level 12. HP: 75/85 MP: 7/22
 15143 | D:11     | Found a shimmering blue altar of Sif Muna.
 15229 | D:11     | Noticed a soul eater
 15382 | D:11     | Reached skill level 9 in Conjurations
 15465 | D:11     | Reached **** piety under Sif Muna
 15582 | D:11     | Found a staircase to the Orcish Mines.
 15599 | D:11     | Reached skill level 5 in Fighting
 17336 | D:12     | Noticed a two-headed ogre
 17352 | D:12     | Killed a two-headed ogre
 17533 | D:12     | Noticed a boulder beetle
 17541 | D:12     | Killed a boulder beetle
 17542 | D:12     | Reached skill level 5 in Evocations
 17741 | D:12     | Reached skill level 5 in Invocations
 18093 | D:12     | Identified the +9 hand axe of Kokuir {heavy, rPois}
 18153 | D:12     | Noticed a centaur warrior
 18176 | D:12     | Killed a centaur warrior
 18908 | Lair:1   | Entered Level 1 of the Lair of Beasts
 18924 | Lair:1   | Reached XP level 13. HP: 84/91 MP: 14/24
 19022 | Lair:1   | Reached skill level 5 in Hexes
 19294 | Lair:1   | Noticed Amaemon
 19317 | Lair:1   | Killed Amaemon
 19359 | Lair:1   | Noticed Nergalle
 19370 | Lair:1   | Killed Nergalle
 19371 | Lair:1   | Reached skill level 5 in Shields
 19688 | Lair:1   | Reached skill level 5 in Short Blades
 19823 | Lair:1   | Noticed Gastronok
 19865 | Lair:1   | Killed Gastronok
 20131 | Lair:2   | Noticed a four-headed hydra
 20144 | Lair:2   | Killed a four-headed hydra
 20266 | Lair:2   | Noticed a seven-headed hydra
 20358 | Lair:2   | Noticed Erica
 20476 | Lair:1   | Killed Erica
 20477 | Lair:1   | Reached skill level 5 in Translocations
 20650 | Lair:2   | Noticed an eight-headed hydra
 20661 | Lair:2   | Killed an eight-headed hydra
 21229 | Lair:2   | Reached skill level 10 in Conjurations
 21477 | Lair:2   | Found a staircase to the Swamp.
 21758 | Lair:2   | Identified the +1 plate armour "Peachoxu" {rC+ Will+ SInv}
 21892 | Lair:2   | Found an ornate altar of the Wu Jian Council.
 21911 | Lair:2   | Reached XP level 14. HP: 100/100 MP: 12/26
 22461 | Lair:2   | Found a staircase to the Snake Pit.
 22992 | Lair:3   | Identified the +7 sling "Dodeon" {heavy, rF- rC+ rCorr
                  | Dex+3}
 23014 | Lair:3   | Reached ***** piety under Sif Muna
 23352 | Lair:3   | Noticed Kirke
 23509 | Lair:3   | Killed Kirke
 24222 | Lair:3   | Reached skill level 5 in Fire Magic
 26359 | Lair:4   | Received a gift from Sif Muna
 26368 | Lair:4   | Reached skill level 5 in Dodging
 26973 | Lair:4   | Reached skill level 5 in Air Magic
 27449 | Lair:4   | Reached XP level 15. HP: 81/107 MP: 11/28
 28018 | Lair:5   | Entered Level 5 of the Lair of Beasts
 28173 | Lair:5   | Reached skill level 11 in Conjurations
 28593 | Lair:5   | Found a staircase to the Slime Pits.
 28594 | Lair:5   | Found a viscous altar of Jiyva.
 29049 | Lair:5   | Noticed Rupert
 29078 | Lair:5   | Killed Rupert
 29575 | Lair:5   | Noticed Nessos
 29752 | Lair:5   | Killed Nessos
 30169 | D:9      | Learned a level 3 spell: Stone Arrow
 31297 | Lair:5   | Reached skill level 1 in Earth Magic
 31665 | Lair:5   | Reached skill level 5 in Stealth
 31739 | Lair:5   | Found a corrupted altar of Lugonu.
 31739 | Lair:5   | Found a one-way gate to the infinite horrors of the Abyss.
 32213 | Orc:1    | Entered Level 1 of the Orcish Mines
 32522 | Orc:2    | Entered Level 2 of the Orcish Mines
 33939 | Orc:2    | Received a gift from Sif Muna
 34039 | Orc:2    | Reached XP level 16. HP: 116/116 MP: 22/29
 34225 | Orc:2    | Got Sif Muna's Guidebook on Displaced Voltage {god gift}
 34388 | Orc:1    | Reached skill level 10 in Spellcasting
 34858 | Orc:2    | Noticed Maurice
 34861 | Orc:2    | Paralysed by an orc sorcerer for 5 turns
 34882 | Orc:2    | Killed Maurice
 35065 | Orc:2    | Found a staircase to the Elven Halls.
 35183 | Orc:2    | Found Issy's Jewellery Boutique.
 35183 | Orc:2    | Found Lowiadut's Book Boutique.
 35184 | Orc:2    | Found Ozxegij's Assorted Antiques.
 35187 | Orc:2    | Found Xehenuaj's Magic Scroll Shop.
 35641 | Orc:2    | Bought the ring "Ruess" {rElec rF+ rN+} for 697 gold pieces
 35793 | D:9      | Bought an amulet of reflection for 480 gold pieces
 37303 | D:13     | Noticed Urug
 37310 | D:13     | Killed Urug
 37456 | D:13     | Received a gift from Sif Muna
 37457 | D:13     | Got Sif Muna's Papyrus of the Airy Black Widow {god gift}
 37471 | D:13     | Reached skill level 1 in Ice Magic
 38203 | D:13     | Found a gate to the Vaults.
 40343 | D:15     | Entered Level 15 of the Dungeon
 40586 | D:15     | Reached skill level 12 in Conjurations
 40770 | D:15     | Found a staircase to the Depths.
 40821 | D:15     | Found a broken altar of Ashenzari.
 42091 | D:9      | Learned a level 5 spell: Fireball
 42097 | D:9      | Learned a level 5 spell: Arcjolt
 42097 | D:9      | Upgraded the game from 0.31-a0-1096-g246cf0196b to
                  | 0.31-a0-1098-g6898e6545c
 42202 | Snake:1  | Entered Level 1 of the Snake Pit
 42530 | Snake:1  | Reached XP level 17. HP: 120/124 MP: 20/31
 43338 | Snake:1  | Found Gilu's Jewellery Boutique.
 43340 | Snake:1  | Found Rinneimo's Book Emporium.
 43341 | Snake:1  | Found Eqearchu's Jewellery Boutique.
 43350 | Snake:1  | Bought the ring of Ithoarol {rC+ Will+ Int+3} for 570 gold
                  | pieces
 44000 | Snake:1  | Found Sopuuxat's Superior Scales.
 44056 | Snake:2  | Found Geabu Giun's General Store.
 44159 | Snake:2  | Bought a potion of curing for 42 gold pieces
 44159 | Snake:2  | Bought a potion of curing for 42 gold pieces
 44655 | Snake:2  | Found Refehu's Armour Boutique.
 44657 | Snake:2  | Found Cirghiy's Antique Weapon Shop.
 44660 | Snake:2  | Found Ezun's Antique Armour Boutique.
 44677 | Snake:2  | Bought a pair of glowing boots for 255 gold pieces
 44677 | Snake:2  | Bought a runed scarf for 272 gold pieces
 45006 | Snake:2  | Identified the serpent talisman "Xifush" {Dex+6}
 45006 | Snake:2  | Noticed Aizul
 45057 | Snake:2  | Killed Aizul
 46033 | Snake:3  | Found a frozen archway.
 46037 | IceCv    | Entered an ice cave
 47356 | Snake:3  | Reached XP level 18. HP: 132/132 MP: 12/33
 48151 | Snake:3  | Identified the +2 hat of the Chimera {rPois}
 48439 | Snake:3  | Found a glowing golden altar of the Shining One.
 48711 | D:9      | Upgraded the game from 0.31-a0-1098-g6898e6545c to
                  | 0.31-a0-1101-g9ad1905e61
 48787 | Swamp:1  | Entered Level 1 of the Swamp
 50240 | Swamp:1  | Reached skill level 1 in Transmutations
 51430 | Swamp:2  | Noticed a kraken
 52794 | Swamp:2  | Killed a kraken
 54041 | Swamp:3  | Reached skill level 13 in Conjurations
 54315 | Swamp:3  | Identified the +11 battleaxe "Umonan" {vamp, *Rage rElec
                  | rPois Int+9 Dex-5}
 54423 | Swamp:3  | Found a runed translucent door.
 54423 | Swamp:3  | Noticed Piask's ghost (adept FoAK)
 54424 | Swamp:3  | Noticed a tentacled monstrosity
 54979 | Elf:1    | Entered Level 1 of the Elven Halls
 55032 | Elf:1    | Found Baryuz's Jewellery Emporium.
 55872 | Elf:1    | Paralysed by an air elemental for 1 turns
 55877 | Elf:1    | Reached skill level 5 in Earth Magic
 55882 | Elf:1    | Paralysed by an air elemental for 1 turns
 55948 | Elf:1    | Reached XP level 19. HP: 54/140 MP: 16/35
 56948 | Elf:1    | Found Heycib's Antique Armour Shoppe.
 56951 | Elf:1    | Bought a pair of shimmering gloves for 237 gold pieces
 56951 | Elf:1    | Identified the +2 pair of gloves of the Land of Plenty
                  | {Will+ Regen+ Dex+3 Stlth+} (You bought it in a shop on
                  | level 1 of the Elven Halls)
 56961 | Elf:1    | Bought a dazzling ring mail for 225 gold pieces
 56961 | Elf:1    | Identified the +0 ring mail "Aloedut" {rPois} (You bought
                  | it in a shop on level 1 of the Elven Halls)
 57309 | D:9      | Learned a level 5 spell: Freezing Cloud
 57996 | Elf:2    | Found a runed translucent gate.
 57996 | Elf:2    | Found a runed translucent gate.
 57996 | Elf:2    | Found a runed translucent gate.
 59426 | Elf:2    | Noticed Louise
 59470 | Elf:3    | Entered Level 3 of the Elven Halls
 61133 | Elf:3    | Reached skill level 10 in Armour
 61356 | Elf:3    | Reached skill level 10 in Fighting
 61724 | Elf:3    | Noticed a deep elf blademaster
 61731 | Elf:3    | Killed a deep elf blademaster
 61865 | Elf:3    | Reached skill level 5 in Ice Magic
 61998 | Elf:3    | Noticed a Tzitzimitl
 62121 | Elf:3    | Noticed a deep elf blademaster
 62130 | Elf:3    | Killed a deep elf blademaster
 62189 | Elf:3    | Reached XP level 20. HP: 108/147 MP: 11/36
 62442 | Elf:3    | Identified the +7 falchion of the Conjuring Seeker
                  | {antimagic, Contam rPois rF+++ SInv}
 62588 | Elf:3    | Identified the +1 fire dragon scales "Duqish" {rElec rF++
                  | rC- Str-5 Dex+7}
 62652 | Elf:3    | Identified the +1 scale mail "Peraz" {rElec rPois Str-3}
 63068 | Elf:3    | Identified the granite talisman of Uhyamm {Str+7 Dex-2}
 63488 | Swamp:4  | Entered Level 4 of the Swamp
 64865 | Swamp:4  | Reached skill level 14 in Conjurations
 66557 | Swamp:4  | Found a basalt altar of Yredelemnul.
 66569 | Swamp:4  | Got a decaying rune of Zot
 67142 | Swamp:4  | Found a blossoming altar of Fedhas.
 67477 | D:9      | Learned a level 5 spell: Irradiate
 67653 | Snake:4  | Entered Level 4 of the Snake Pit
 67672 | Snake:4  | Noticed Agnes
 67679 | Snake:4  | Killed Agnes
 67836 | Snake:4  | Reached skill level 10 in Invocations
 69456 | Snake:4  | Received a gift from Sif Muna
 69457 | Snake:4  | Got Sif Muna's Advanced Gnosis {god gift}
 69764 | Snake:4  | Reached XP level 21. HP: 154/154 MP: 6/38
 70121 | Snake:4  | Got a serpentine rune of Zot
 72013 | Elf:2    | Killed Louise
 72367 | Elf:2    | Reached skill level 5 in Transmutations
 72597 | Elf:2    | Reached skill level 10 in Stealth
 73047 | Elf:2    | Demolished by a +6 spectral bardiche

Illustrated notes

Levels and vault maps discovered:
D:1:      dpeg_arrival_tiny_k, layout_basic, amcnicky_mini_pool_small
D:2:      layout_loops_ring, hellmonk_ecumenical_altar_inner_sanctum
D:3:      layout_basic, uniq_crazy_yiuf_cottage
D:4:      layout_loops_ring, temple_hall, moated_statue, uniq_grinder
D:5:      layout_gridville, nicolae_shop_unique_rings
D:6:      layout_basic, cheibrodos_sewer_entry_drain, serial_demonic,
          serial_demonic_d, serial_demonic_d, serial_demonic_a, serial_demonic_f
D:7:      layout_loops_ring, serial_shops, nicolae_shop_just_a_little_nook,
          uniq_duvessa, uniq_jeremiah, uniq_menkaure
D:8:      layout_loops_ring, mainiacjoe_overflow_boulevard,
          nicolae_ru_sacrificial_ziggurat, kennysheep_little_box, minitemple,
          nrook_pool_corridor, kennysheep_minor_cross, minmay_ruffians
D:9:      layout_long_grid, lightli_temple_of_fire, erik_lair_dragon,
          serial_shops, nicolae_shop_peninsula, nicolae_shop_trees,
          nicolae_inconvenience_store
D:10:     layout_gridville, serial_shops, shop
D:11:     layout_layer_cave, hiddenorc2_lemuel,
          serial_library_hellmonk_statue_hall
D:12:     layout_basic
D:13:     layout_layer_cave, erik_vaults_2, serial_rivers,
          chequers_serial_rivers_micro_a, chequers_serial_rivers_small_a,
          chequers_serial_rivers_small_a, chequers_serial_rivers_marsh,
          chequers_serial_rivers_room_a, minmay_mirror_moons_of_madness,
          uniq_urug
D:14:     layout_roguey, chequers_big_river, kennysheep_generic_room_3
D:15:     hangedman_depths_entry_civil_slaughter, layout_loops_ring,
          evilmike_ruin_ashenzari
Temple:   nicolae_temple_slightly_damp_pantheon
Lair:1:   layout_misc_corridors, uniq_gastronok, uniq_nergalle, uniq_amaemon
Lair:2:   layout_misc_corridors, skrybe_swamp_entry_bodies,
          nicolae_snake_entry_squirm, basic_altar, chequers_serial_rivers_marsh,
          grunt_megastairs_1, uniq_erica
Lair:3:   regret_index_bee_streams, layout_cave_pods, lemuel_fruit_tree,
          uniq_kirke
Lair:4:   layout_regular_city, st_stairs_4, serial_bayou_pond_c
Lair:5:   hellmonk_lair_end_abyssal_woods, layout_regular_city,
          nicolae_slime_entry_slimehenge, infiniplex_staircase_pool_2,
          serial_bayou_shore_a, grunt_megastairs_5, serial_bayou_shore_b,
          uniq_nessos, uniq_rupert
Swamp:1:  layout_basic_swamp, serial_swamp_ruin, evilmike_swamp_ruin_house_3,
          evilmike_swamp_ruin_house_6, evilmike_swamp_ruin_house_5,
          swamp_pool_5, hangedman_swamp_wriggling, infiniplex_staircase_pool
Swamp:2:  layout_basic_swamp, hangedman_swamp_diagram,
          nicolae_swamp_thats_no_hydra
Swamp:3:  layout_basic_swamp, ebering_ghost_inner_flame,
          hangedman_swamp_ruin_wall
Swamp:4:  byrel_swamp_growth_death_and_undeath, layout_basic_swamp
Snake:1:  layout_onion_interference, hellmonk_scale_shop, grunt_megastairs_2,
          minmay_shop_grove
Snake:2:  layout_rooms, serial_shops, shop, grunt_ministairs_2,
          minmay_shop_star, uniq_aizul
Snake:3:  layout_rooms, portal_ice_cave_entry_pillars_four, basic_altar,
          nicolae_snake_gridmaze_spiral
Snake:4:  grunt_snake_rune_spirals, layout_onion, uniq_agnes
Orc:1:    layout_caves
Orc:2:    st_orc_mages, layout_caves, roderic_batcave, uniq_maurice
Elf:1:    kennysheep_blocky_room, layout_gridlike, serial_shops,
          nicolae_shop_behind_doors, nicolae_shop_real_fake_doors, minivault_28
Elf:2:    nicolae_elf_blades_crystal_corner, layout_loops_corners, uniq_louise
Elf:3:    grunt_elf_hall_branching, layout_geoelf_castle, drop_trap

Skill      XL: |  1  2  3  4  5  6  7  8  9 10 11 12 13 14 15 16 17 18 19 20 21 |
---------------+----------------------------------------------------------------+-----
Fighting       | 1 2 3 4 5 6 7 8 9 10 | 10.7
Armour         | 1 2 3 4 5 6 7 8 9 10 | 10.0
Conjurations   | 5 6 7 8 9 10 11 12 13 14 | 14.6
Spellcasting   | 3 4 5 6 7 8 9 10 11 12 13 | 13.7
Maces & Flails | 1 2 |  2.4
Evocations     | 1 2 3 4 5 6 7 8 |  8.1
Invocations    | 1 2 3 4 5 6 7 8 9 10 | 10.3
Shields        | 1 2 4 5 6 7 8 |  8.2
Stealth        | 3 4 5 6 7 9 10 | 10.1
Hexes          | 1 3 4 5 6 7 |  7.0
Translocations | 1 2 3 4 5 6 7 8 |  8.0
Short Blades   | 1 2 3 4 5 6 7 8 9 |  9.3
Dodging        | 3 4 5 6 |  6.7
Throwing       | 1 2 3 |  3.0
Fire Magic     | 1 2 4 5 6 7 8 9 |  9.1
Air Magic      | 1 3 5 6 7 8 |  8.8
Earth Magic    | 2 4 5 6 7 |  7.9
Ice Magic      | 1 3 5 6 |  6.1
Transmutations | 2 3 4 5 |  5.0

Action                     |  1- 3 |  4- 6 |  7- 9 | 10-12 | 13-15 | 16-18 | 19-21 || total
---------------------------+-------+-------+-------+-------+-------+-------+-------++-------
  Melee: Dagger            |     5 |       |       |       |       |       |       ||     5
         Whip              |       |    16 |    12 |       |       |       |       ||    28
         Rapier            |       |       |     7 |   100 |   242 |    18 |    12 ||   379
         Demon whip        |       |       |       |       |       |     5 |       ||     5
  Throw: Dart              |       |       |       |    12 |       |     5 |       ||    17
   Cast: Magic Dart        |    57 |    47 |    30 |    80 |   105 |     1 |       ||   320
         Searing Ray       |       |     7 |    53 |   129 |   108 |     1 |       ||   298
         Fulminant Prism   |       |       |       |    10 |    48 |    18 |    10 ||    86
         Iskenderun's Myst |       |       |       |     7 |   214 |   110 |    60 ||   391
         Stone Arrow       |       |       |       |       |   172 |   798 |   725 ||  1695
         Arcjolt           |       |       |       |       |       |    23 |    53 ||    76
         Fireball          |       |       |       |       |       |    54 |       ||    54
         Freezing Cloud    |       |       |       |       |       |       |    57 ||    57
         Irradiate         |       |       |       |       |       |       |     2 ||     2
 Invoke: Channel Magic     |       |       |       |       |    24 |    36 |    25 ||    85
  Evoke: Wand              |       |     2 |       |     7 |     7 |       |     2 ||    18
    Use: Scroll            |       |       |       |    25 |     1 |     4 |       ||    30
         Potion            |       |       |       |     1 |     1 |     1 |     3 ||     6
   Stab: Paralysed         |       |     3 |       |       |       |       |       ||     3
         Sleeping          |       |       |       |     2 |     2 |       |       ||     4
         Distracted        |       |       |       |     1 |     1 |       |       ||     2
 Armour: Robe              |    11 |    14 |    55 |       |       |       |       ||    80
         Acid dragon scale |       |       |    23 |   279 |   505 |   425 |   411 ||  1643
  Dodge: Dodged            |     6 |     9 |    59 |   214 |   351 |   216 |   166 ||  1021
  Block: Buckler           |       |       |       |    40 |   187 |   301 |   235 ||   763
         Reflection        |       |       |       |       |       |    56 |    38 ||    94
         Other             |       |       |       |       |       |     1 |       ||     1

Table legend: (Time is in decaauts)
 A = Elapsed time spent in this place.
 B = Non-inter-level travel time spent in this place.
 C = Inter-level travel time spent in this place.
 D = Time resting spent in this place.
 E = Time spent auto-exploring this place.
 F = Levels seen in this place.
 G = Mean time per level.
                   A        B        C        D        E       F      G
               +--------+--------+--------+--------+--------+-----+--------+
         Total |  73277 |  65504 |   7773 |  25705 |  24881 |  36 | 2035.5 |
       Dungeon |  27029 |  23179 |   3850 |   4768 |  13919 |  15 | 1801.9 |
        Temple |     38 |      2 |     36 |      0 |      0 |   1 |   38.0 |
          Lair |  13848 |  12409 |   1439 |   4744 |   4692 |   5 | 2769.6 |
         Swamp |   9714 |   9056 |    658 |   5102 |   1835 |   4 | 2428.5 |
     Snake Pit |   8470 |   7781 |    689 |   4051 |   1761 |   4 | 2117.5 |
  Orcish Mines |   3829 |   3402 |    427 |   1791 |    972 |   2 | 1914.5 |
   Elven Halls |   8733 |   8061 |    672 |   4328 |   1484 |   3 | 2911.0 |
         Sewer |    318 |    318 |      0 |    180 |     77 |   1 |  318.0 |
      Ice Cave |   1294 |   1294 |      0 |    741 |    141 |   1 | 1294.0 |
               +--------+--------+--------+--------+--------+-----+--------+

Top non-repeatable levels by time:
     D:9: 3993 daAuts
  Lair:2: 3941 daAuts
 Swamp:1: 3570 daAuts
 Snake:4: 3402 daAuts
   Elf:3: 3270 daAuts
  Lair:5: 3203 daAuts
    D:11: 2988 daAuts
   Elf:2: 2891 daAuts
    D:12: 2830 daAuts
 Swamp:4: 2727 daAuts
   Elf:1: 2571 daAuts
    D:10: 2544 daAuts
  Lair:3: 2458 daAuts
  Lair:4: 2148 daAuts
  Lair:1: 2096 daAuts
